Cogmind - Beta 13 @@@ ROGUE MODE // 2024.04.07 @ 16:33:43 Player: Cwaftwer Result: Destroyed by G-50 Soldier with Heavy Laser Performance ------------- Evolutions (3) 1500 Regions Visited (6) 1200 Robots Destroyed (0) 0 Value Destroyed (0) 0 Prototype IDs (0) 0 Alien Tech Used (0) 0 Bonus (571) 571 TOTAL SCORE: 3271 Bonus ------- Pacifist 564 Follower Combat Kills 7 Cogmind --------- Core Integrity 0/700 Matter 190/300 Energy 100/200 System Corruption 0% Temperature Cool (18) Movement Core (450) Ox8 Location -7/Lower Caves Parts ------- > --- POWER (2) -------- Subdweller Power Source > --- PROPULSION (6) --- (None) > --- UTILITY (3) ------ Large Storage Unit Subdweller Optics > --- WEAPON (2) ------- (None) > --- INVENTORY (15) --- (None) Peak State ------------ > --- POWER ------------ Light Ion Engine Micro Nuclear Core > --- PROPULSION ------- Armored Treads Armored Treads Armored Treads Armored Treads > --- UTILITY ---------- Large Storage Unit Scrap Shield > --- WEAPON ----------- Mining Laser > --- INVENTORY -------- Subdweller Power Source Small Battery Subdweller Optics ECM Suite Medium Armor Plating Medium Armor Plating Medium Armor Plating [Rating: 24] Favorites ----------- Power Light Ion Engine Engine Light Ion Engine Power Core Micro Nuclear Core Propulsion Armored Treads Treads Armored Treads Flight Unit Flight Unit Utility Small Storage Unit Device ECM Suite Storage Small Storage Unit Protection Scrap Shield Weapon Mining Laser Special Weapon Mining Laser Build | -11 -10 -10 -10 -8 -7 -7 ------- Run | Yrd Mat Min Sub Mat Fac Low Slots Evolved 6 | . . . . 4 2 . Power 1 | . . . . 1 . . Propulsion 4 | . . . . 2 2 . Utility 1 | . . . . 1 . . Weapon . | . . . . . . . Parts Attached 25 | 2 . 3 4 7 1 8 Power 4 | 1 . . 1 . 1 1 Engine 3 | 1 . . 1 . . 1 Core 1 | . . . . . 1 . Reactor . | . . . . . . . Propulsion 8 | . . 2 2 4 . . Treads 4 | . . . . 4 . . Leg . | . . . . . . . Wheel . | . . . . . . . Hover . | . . . . . . . Flight 4 | . . 2 2 . . . Utility 11 | 1 . 1 . 2 . 7 Device 3 | . . . . . . 3 Storage 4 | 1 . 1 . 1 . 1 Processor . | . . . . . . . Hackware . | . . . . . . . Protection 4 | . . . . 1 . 3 Artifact . | . . . . . . . Weapon 2 | . . . 1 1 . . Energy Gun . | . . . . . . . Energy Cannon . | . . . . . . . Ballistic Gun . | . . . . . . . Ballistic Cannon . | . . . . . . . Launcher . | . . . . . . . Special Weapon 2 | . . . 1 1 . . Impact Weapon . | . . . . . . . Slashing Weapon . | . . . . . . . Piercing Weapon . | . . . . . . . Special Melee Weapon . | . . . . . . . Unidentified Prototypes . | . . . . . . . Parts Lost 15 | . . . 1 . 1 13 Power 2 | . . . . . . 2 Propulsion 5 | . . . 1 . . 4 Utility 7 | . . . . . . 7 Weapon 1 | . . . . . 1 . Highest Loss Streak 9 | . . . 1 . 1 9 To Critical Strikes . | . . . . . . . Average Slot Usage (%) 49 | . 14 37 57 63 67 51 Engine 11 | . 14 14 14 9 7 3 Core 1 | . . . . . 6 6 Treads 8 | . . . . 32 30 22 Flight 14 | . . 17 28 . . . Storage 8 | . . 5 14 9 7 7 Protection 1 | . . . . 7 7 4 Special Weapon 1 | . . . . 4 7 . Naked Turns . | . . . . . . . Heaviest Build 48 | 3 3 8 8 42 48 47 Greatest Support 80 | 3 3 8 8 80 80 80 Greatest Overweight (x) 11 | . . . . . . 11 Average Overweight (x) . | . . . . . . . Largest Inventory Capacity 15 | 8 5 8 8 15 15 15 Average Capacity 8 | 5 5 6 8 9 15 15 Most Carried 8 | 2 3 5 8 8 8 8 Average Carried 5 | . 1 3 7 7 7 5 Final Capacity 15 | 5 5 8 8 15 15 15 Final Carried 8 | 1 3 4 7 7 8 . Class Distribution -------------------- 100% | Mutant Dominant Class ---------------- Mutant | -10/Materials Mutant | -10/Mines Mutant | -10/Subcaves Mutant | -8/Materials Mutant | -7/Factory Mutant | -7/Lower Caves Resources | -11 -10 -10 -10 -8 -7 -7 ----------- Run | Yrd Mat Min Sub Mat Fac Low Matter Collected 270 | 220 . 30 20 . . . Remotely . | . . . . . . . Salvage Created . | . . . . . . . Parts . | . . . . . . . Haulers Intercepted . | . . . . . . . Recyclers Shooed . | . . . . . . . Parts Field Recycled . | . . . . . . . Retrieved Matter . | . . . . . . . Parts Self-Destructed 3 | . . . 3 . . . Prevented . | . . . . . . . Kills | -11 -10 -10 -10 -8 -7 -7 ------- Run | Yrd Mat Min Sub Mat Fac Low Combat Hostiles Destroyed . | . . . . . . . Classes Destroyed . | . . . . . . . Best Kill Streak . | . . . . . . . Combat Bots Only . | . . . . . . . Max Kills in Single Turn . | . . . . . . . Gunslinging . | . . . . . . . Exploded . | . . . . . . . Melee . | . . . . . . . Uniques/NPCs Destroyed . | . . . . . . . Combat | -11 -10 -10 -10 -8 -7 -7 -------- Run | Yrd Mat Min Sub Mat Fac Low Hostile Shots Fired 369 | . . 15 9 10 23 312 Missed 114 | . . 5 6 3 8 92 Damage Taken 3024 | . . 85 57 108 232 2542 Core 785 | . . 57 . 16 . 712 Absorbed by Shields . | . . . . . . . Core Remaining (%) 91 | 100 . . 77 97 . . Volleys Fired 5 | . . . 1 4 . . Largest 1 | . . . 1 1 . . Hottest 100 | . . . 100 100 . . Shots Fired 5 | . . . 1 4 . . Gun . | . . . . . . . Cannon . | . . . . . . . Launcher . | . . . . . . . Special 5 | . . . 1 4 . . Kinetic . | . . . . . . . Thermal 5 | . . . 1 4 . . Explosive . | . . . . . . . Electromagnetic . | . . . . . . . Robot Hit Streak . | . . . . . . . Robot Miss Streak . | . . . . . . . Penetration Max . | . . . . . . . Secondary Targets . | . . . . . . . Shots Hit Robots . | . . . . . . . Core Hits . | . . . . . . . Critical Kills . | . . . . . . . Critical Parts Destroyed . | . . . . . . . Critical Strikes . | . . . . . . . Melee Attacks . | . . . . . . . Impact . | . . . . . . . Slashing . | . . . . . . . Piercing . | . . . . . . . Sneak Attacks . | . . . . . . . Combat Hostiles . | . . . . . . . Follow-up Attacks . | . . . . . . . Damage Inflicted . | . . . . . . . Guns . | . . . . . . . Cannons . | . . . . . . . Explosions . | . . . . . . . Melee . | . . . . . . . Ramming . | . . . . . . . Kinetic . | . . . . . . . Thermal . | . . . . . . . Explosive . | . . . . . . . Electromagnetic . | . . . . . . . Impact . | . . . . . . . Slashing . | . . . . . . . Piercing . | . . . . . . . Highest Corruption . | . . . . . . . Average Corruption . | . . . . . . . Corruption Purged . | . . . . . . . Corruption Blocked . | . . . . . . . Overload Shots . | . . . . . . . Overflow Damage . | . . . . . . . Projectiles . | . . . . . . . Explosions . | . . . . . . . Melee . | . . . . . . . Knockbacks . | . . . . . . . Impact . | . . . . . . . Kinetic . | . . . . . . . Secondary . | . . . . . . . Self-Inflicted Damage . | . . . . . . . Shots . | . . . . . . . Rammed . | . . . . . . . Targets Rammed . | . . . . . . . Kicked . | . . . . . . . Crushed . | . . . . . . . Highest Temperature 9 | . . . . . 9 9 Average Temperature 6 | . . . . . 9 5 Received Heat Transfer 1173 | . . . 6 9 171 987 Siege Activations . | . . . . . . . Robots Corrupted . | . . . . . . . Combat Hostiles . | . . . . . . . Parts Fried . | . . . . . . . Impact Corruptions . | . . . . . . . Robots Melted . | . . . . . . . Combat Hostiles . | . . . . . . . Parts Melted . | . . . . . . . Heat Transferred . | . . . . . . . Parts Sabotaged . | . . . . . . . Parts Stolen . | . . . . . . . Parts Stripped . | . . . . . . . Power Chain Reactions . | . . . . . . . Alert | -11 -10 -10 -10 -8 -7 -7 ------- Run | Yrd Mat Min Sub Mat Fac Low Peak Influence 99 | . 4 99 . 18 37 . Initial 7 | . . 1 . . 7 . Average 34 | . 2 49 . 5 16 . Maximum Alert Level . | . . . . . . . Low Security (%) 100 | 100 100 100 . 100 100 . Level 1 . | . . . . . . . Level 2 . | . . . . . . . Level 3 . | . . . . . . . Level 4 . | . . . . . . . Level 5 . | . . . . . . . High Security . | . . . . . . . Max Security . | . . . . . . . Squads Dispatched 1 | . . . . . 1 . Investigation . | . . . . . . . Extermination . | . . . . . . . Reinforcement 1 | . . . . . 1 . Assault . | . . . . . . . Garrison . | . . . . . . . Intercept . | . . . . . . . Searches Triggered . | . . . . . . . Construction Impeded . | . . . . . . . Haulers Reinforced . | . . . . . . . Active Scanning Responses . | . . . . . . . Cargo Convoy Interrupts . | . . . . . . . Stealth | -11 -10 -10 -10 -8 -7 -7 --------- Run | Yrd Mat Min Sub Mat Fac Low Distress Signals 1 | . . . . 1 . . Communications Jammed . | . . . . . . . Distress Signals . | . . . . . . . Times Spotted 37 | . 1 4 11 2 5 14 Peak Tracking Total 6 | . 1 3 6 3 3 6 Tactical Retreats 9 | . . 2 . . 1 6 Traps | -11 -10 -10 -10 -8 -7 -7 ------- Run | Yrd Mat Min Sub Mat Fac Low Traps Triggered . | . . . . . . . Indirectly . | . . . . . . . Trap Hack Attempts . | . . . . . . . Triggered . | . . . . . . . Disarmed . | . . . . . . . Reprogrammed . | . . . . . . . Reused . | . . . . . . . Traps Extracted . | . . . . . . . Installed . | . . . . . . . Triggered . | . . . . . . . Machines | -11 -10 -10 -10 -8 -7 -7 ---------- Run | Yrd Mat Min Sub Mat Fac Low Machines Disabled . | . . . . . . . Max in Single Turn . | . . . . . . . Machines Repaired . | . . . . . . . Machines Dismantled . | . . . . . . . Machines Sabotaged . | . . . . . . . Overloaded Fab Kills . | . . . . . . . Hacking | -11 -10 -10 -10 -8 -7 -7 --------- Run | Yrd Mat Min Sub Mat Fac Low Machines Accessed 3 | . 1 . 1 . 1 . Terminals 2 | . 1 . . . 1 . Fabricators . | . . . . . . . Repair Stations . | . . . . . . . Recycling Units . | . . . . . . . Scanalyzers . | . . . . . . . Garrison Access . | . . . . . . . Total Hacks 7 | . 2 . 4 . 1 . Successful 6 | . 1 . 4 . 1 . Failed 1 | . 1 . . . . . Catastrophic . | . . . . . . . Database Lockouts . | . . . . . . . Manual . | . . . . . . . Terminals 3 | . 2 . . . 1 . Fabricators . | . . . . . . . Repair Stations . | . . . . . . . Recycling Units . | . . . . . . . Scanalyzers . | . . . . . . . Garrison Access . | . . . . . . . Terminal Hacks 6 | . 1 . 4 . 1 . Record 4 | . . . 4 . . . Locate Traps 1 | . 1 . . . . . Maintenance Status 1 | . . . . . 1 . Fabricator Hacks . | . . . . . . . Repair Station Hacks . | . . . . . . . Recycling Unit Hacks . | . . . . . . . Scanalyzer . | . . . . . . . Garrison Access Hacks . | . . . . . . . Unauthorized Hacks . | . . . . . . . Terminals . | . . . . . . . Fabricators . | . . . . . . . Repair Stations . | . . . . . . . Recycling Units . | . . . . . . . Scanalyzers . | . . . . . . . Garrison Access . | . . . . . . . Data Cores Recovered . | . . . . . . . Used . | . . . . . . . Hacking Detections 2 | . 1 . . . 1 . Full Trace Events . | . . . . . . . Feedback Events . | . . . . . . . Feedback Blocked . | . . . . . . . Robot Schematics Acquired . | . . . . . . . Robots Built . | . . . . . . . Authchips . | . . . . . . . Time . | . . . . . . . Total Robot Build Rating . | . . . . . . . Part Schematics Acquired . | . . . . . . . Parts Built . | . . . . . . . Authchips . | . . . . . . . Time . | . . . . . . . Total Part Build Rating . | . . . . . . . Parts Repaired . | . . . . . . . Time . | . . . . . . . Parts Recycled . | . . . . . . . Recycled Matter . | . . . . . . . Retrieved Matter . | . . . . . . . Retrieved Components . | . . . . . . . Parts Scanalyzed . | . . . . . . . Part Schematics Acquired . | . . . . . . . Parts Damaged . | . . . . . . . Bothacking | -11 -10 -10 -10 -8 -7 -7 ------------ Run | Yrd Mat Min Sub Mat Fac Low Used RIF Installer . | . . . . . . . Robots Hacked . | . . . . . . . Non-combat . | . . . . . . . Combat . | . . . . . . . Robot Hacks Applied . | . . . . . . . Relay Couplers Released . | . . . . . . . Fabnet Peak Effective % . | . . . . . . . Robots Rewired . | . . . . . . . Allies Hacked . | . . . . . . . Hacks Repelled . | . . . . . . . Allies | -11 -10 -10 -10 -8 -7 -7 -------- Run | Yrd Mat Min Sub Mat Fac Low Total Allies 3 | . . 3 . . . . Largest Group 3 | . . 3 . . . . Highest-Rated Group 40 | . . 40 . . . . Highest-Rated Ally 16 | . . 16 . . . . Total Orders . | . . . . . . . Ally Attacks 6 | . . 6 . . . . Total Damage 10 | . . 10 . . . . Kills 1 | . . 1 . . . . Allies Corrupted . | . . . . . . . Allies Melted . | . . . . . . . Intel | -11 -10 -10 -10 -8 -7 -7 ------- Run | Yrd Mat Min Sub Mat Fac Low Robot Analysis Total . | . . . . . . . Derelict Logs Recovered 2 | . . 1 1 . . . Drone Launches . | . . . . . . . Drone Recoveries . | . . . . . . . Exploration | -11 -10 -10 -10 -8 -7 -7 ------------- Run | Yrd Mat Min Sub Mat Fac Low Turns Passed 2035 | 28 45 715 600 199 148 300 Spaces Moved 2190 | 45 86 696 1029 104 86 144 Core 259 | 45 86 117 . . . 11 Treads 315 | . . . . 96 86 133 Legs . | . . . . . . . Wheels . | . . . . . . . Hover . | . . . . . . . Flight 1616 | . . 579 1029 8 . . Fastest Speed 37 | 50 50 37 37 37 170 170 Average Speed 60 | 50 50 39 37 159 170 198 Slowest Speed 600 | 50 50 50 37 170 170 600 Overloaded Moves . | . . . . . . . Propulsion Burnouts . | . . . . . . . Robots Hopped 2 | . . 2 . . . . Cave-ins Triggered . | . . . . . . . Exploration Rate (%) 32 | 3 23 94 73 11 2 19 Regions Visited 6 Branch Regions 3 Pre-discovered Areas 3 | . . 1 2 . . . Known Exits Taken . | . . . . . . . Unknown Exits Taken 6 | 1 1 1 1 1 1 . Scrap Searched 2 | . . 1 1 . . . Spaces Dug 4 | . . . . 4 . . Terrain Destroyed 4 | . . . . 4 . . Melee . | . . . . . . . Projectile 4 | . . . . 4 . . AOE . | . . . . . . . Terrain Rammed . | . . . . . . . Walls Destroyed . | . . . . . . . Machines Disabled . | . . . . . . . Actions | -11 -10 -10 -10 -8 -7 -7 --------- Run | Yrd Mat Min Sub Mat Fac Low Total 2892 | 51 87 1132 1245 127 88 162 Wait 644 | . . 432 202 . . 10 Move 2180 | 44 85 691 1028 103 85 144 Hop 2 | . . 2 . . . . Pick Up 26 | 3 2 4 6 9 2 . Fast Attach . | . . . . . . . Attach 22 | 2 . 3 2 6 1 8 Detach 2 | 1 . . 1 . . . Swap 3 | . . . 2 1 . . Drop 8 | 1 . . 3 4 . . Fire 5 | . . . 1 4 . . Melee . | . . . . . . . Ram . | . . . . . . . Kick . | . . . . . . . Crush . | . . . . . . . Escape Stasis . | . . . . . . . Rewire . | . . . . . . . Trap . | . . . . . . . Miscellaneous . | . . . . . . . Route ------- -11/Scrapyard -10/Materials (discovered 2 exits: [*Mat] / [*Min]) -10/Mines (discovered 3 exits: [*Mat x2] / *Sub) -10/Subcaves -8/Materials -7/Factory -7/Lower Caves History --------- Turn | Location | Event 3 | -11/Scrapyard | Discovered new exit (range 15) 29 | -11/Scrapyard | Entered Materials 56 | -10/Materials | Discovered new exit (range 14) 64 | -10/Materials | Discovered new exit (range 16) 74 | -10/Materials | Entered Mines 97 | -10/Mines | Learned location of Mines (-9) 131 | -10/Mines | Assisted by bots powering up and referring to "LRC-V3" 313 | -10/Mines | Build established: Mutant 556 | -10/Mines | Discovered new exit (range 9) 557 | -10/Mines | Discovered new exit (range 9) 786 | -10/Mines | Discovered new exit (range 10) 789 | -10/Mines | Entered Subcaves 884 | -10/Subcaves | Visited Clippyterm 888 | -10/Subcaves | Ambushed by swarm of Subdwellers 1054 | -10/Subcaves | Learned location of Zion (-7) 1060 | -10/Subcaves | Met a Zionite searching for "candidates" 1070 | -10/Subcaves | Shifting Twisted Machinery released Scrap Shield 1071 | -10/Subcaves | Shifting Twisted Machinery released Sub. Beam Cannon 1339 | -10/Subcaves | Ambushed by Subdwellers from Twisted Machinery 1380 | -10/Subcaves | Shifting Twisted Machinery released Riot Gun 1380 | -10/Subcaves | Discovered new exit (range 11) 1389 | -10/Subcaves | Entered Materials 1389 | -8/Materials | Evolved 4 slots: Power x1, Propulsion x2, Utility x1 1578 | -8/Materials | Discovered new exit (range 7) 1588 | -8/Materials | Entered Factory 1588 | -7/Factory | Evolved 2 slots: Propulsion x2 1710 | -7/Factory | Discovered new exit (range 15) 1736 | -7/Factory | Entered Lower Caves 1794 | -7/Lower Caves | Attracted the attention of an 0b10 checkpoint 1947 | -7/Lower Caves | Lost 3 parts (1p1n1u) 2024 | -7/Lower Caves | Core integrity fell below 50% 2033 | -7/Lower Caves | Core integrity fell below 20% 2036 | -7/Lower Caves | Destroyed by G-50 Soldier with Heavy Laser Last Messages --------------- Mining Laser destroyed. LOCATION=UNKNOWN GOAL=ESCAPE Scrap Shield destroyed. Y-54 Guardian: "INTERCEPTING UNREGISTERED DERELICT." 62-4EH(r) destroyed. Med. Armor Plating destroyed. Lgt. Ion Engine destroyed. Arm. Treads destroyed. Med. Armor Plating destroyed. G-47 Trooper destroyed. Arm. Treads destroyed. Med. Armor Plating destroyed. Mic. Nuclear Core destroyed. Critical hit (Burn: +37). ECM Suite destroyed. Sml. Battery destroyed. Imp. Sensor Array destroyed. Critical hit (Burn: +37). Map ----- +----------------------------------------------------+ | ?????????????????????????????????????????????????? | | ?????????????????????????????????????????????????? | | ?????????????????????????????????????????????????? | | ??????????????????????????????#??????????????????? | | ??????????????????????????????#X?????????????????? | | ???????????????????????#??????? ???????????????### | | ?????????????????????? #?????? ??????????????## | | ?????????????????????? #??##? #?????????????# | | ????????????????????? ### ?# ?????????????# | | ????????????????????? ## ###?####??????# | | ???????????????????? # # ### ##??????## | | ???????????????????? ####????# | | ?????????????????????# ###### | | ??????????????????????# ### | | ???????????????????????# ### ### | | ???????????????????????## ####?## % | | ?????????????????????#### ### #?????# # | | ????????????????????## #?### ##?????# ## # | | ???????????????????## #???# ####???## ### # | | ????????????????#### ##??# #???? #?# # | | ????????????????# #### ### #?# # | | ????????????????# # g # | | ?????????????#### gYgg # | | ????????????## ## ####### | | ????????????# ###### ### #?????? | | ???????????????## @###?????####?##? #?????? | | ????????????????# ###??????????????????????? | | ????????????????# ??????????????????????????? | | ????????????????# ???????????????????????????? | | ?????????????? ?????????????????????????????? | | ??????????? ??????????????????????????????? | | ????????? " " ""???????????????????????????????? | | ???????? ? " $ "?????????????????????????????????? | | ?????????? "" ??????????????????????????????????? | | ?????????? ?????????????????????????????????????? | | ?????????????????????????????????????????????????? | | ?????????????????????????????????????????????????? | | ?????????????????????????????????????????????????? | | ?????????????????????????????????????????????????? | | ?????????????????????????????????????????????????? | | ?????????????????????????????????????????????????? | | ?????????????????????????????????????????????????# | | ?????????????????????????????????????????????????? | | ?????????????????????????????????????????????????? | | ?????????????????????????????????????????????????? | | ?????????????????????????????????????????????????? | | ?????????????????????????????????????????????????? | | ?????????????????????????????????????????????????? | | ?????????????????????????????????????????????????? | | ?????????????????????????????????????????????????? | +----------------------------------------------------+ Best States ------------- Heat Dissipation 34 Energy Generation 20 Energy Capacity 200 Matter Stores 300 Matter Capacity 300 Sight Range 16 Robot Scan Range 15 Terrain Scan Density 10 ECM Strength 1 Armor Coverage 800 Evasion (%) 62 Recoil Reduction 4 Item Schematics ----------------- None Robot Schematics ------------------ None Fabricated ------------ Nothing Alien Tech Used ----------------- None Achievements -------------- None Challenges ------------ None Game ------ Seed ExoskeletonSwordBoomstick Manual? 0 Play Time 00:27:21 Cumulative 15.2 hours Start 2024.04.07 @ 16:07:57 End 2024.04.07 @ 16:33:43 Sessions 1 Manual Loads 0 Difficulty Rogue Special Mode None Game No. 21 Rogue 20 Adventurer 1 Explorer 0 Win Type - Total 0 Types 0/0/0/0/0/0/0/0/0 Lore% 16 Gallery% 23 Achievement% 19 Wizard Run 0 Options --------- Layout 1 ASCII 0 Keyboard 0 Movement Mouse Keybinds 0 Fullscreen 1 Font 24/Smallcaps Map View 50x40 Zoom Use 0% Tactical HUD 0 Map Filters NONE Filters NONE Steam 1 RUN: 8a566e05-6200-4d89-8848-173d55e8d190